[Event "WSTCC-65 2020"]
[Site "Prague"]
[Date "2020.03.06"]
[Round "1.8"]
[White "Nickl, Klaus"]
[Black "Buchal, Stephan"]
[Result "0-1"]
[ECO "A41"]
[WhiteElo "1946"]
[BlackElo "2276"]
[Annotator "ChessBase"]
[PlyCount "76"]
[EventDate "2020.03.06"]
[EventType "team-tourn"]
[EventCountry "CZE"]
[SourceTitle "playchess.com"]
[Source "ChessBase"]
[SourceQuality "1"]
[TimeControl "40/5400+30:1800+30"]

1. d4 d6 2. Nf3 g6 3. Bf4 Bg7 4. e3 Nd7 5. c3 e5 6. dxe5 dxe5 7. Bg3 Qe7 8. Nbd2 Ngf6 9. h3 O-O 10. Qc2 b6 11. Be2 Bb7 12. O-O e4 13. Nd4 Ne5 14. Bxe5 Qxe5 15. a4 a5 16. Bb5 c5 17. Nc4 Qc7 18. Ne2 Nd5 19. Rad1 Rad8 20. Na3 Qe7 21. Rd2 Be5 22. Rfd1 Bc7 23. Bc4 Qe5 24. g3 Nf6 25. Rxd8 Bxd8 26. Bb5 Qf5 27. Nf4 Bc7 28. g4 Qg5 29. Ng2 Qe5 30. Nf4 Qg5 31. Ng2 h5 32. Be2 hxg4 33. hxg4 Bc8 34. Nb5 Bb8 35. Nd6 Bxg4 36. Bxg4 Qxg4 37. Kf1 Rd8 38. Rd2 Rxd6 0-1

[Event "WSTCC-65 2020"]
[Site "Prague"]
[Date "2020.03.06"]
[Round "1.12"]
[White "Mozny, Milos"]
[Black "Fencl, Vaclav"]
[Result "1/2-1/2"]
[ECO "A43"]
[WhiteElo "2261"]
[BlackElo "1857"]
[Annotator "ChessBase"]
[PlyCount "36"]
[EventDate "2020.03.06"]
[EventType "team-tourn"]
[EventCountry "CZE"]
[SourceTitle "playchess.com"]
[Source "ChessBase"]
[SourceQuality "1"]
[TimeControl "40/5400+30:1800+30"]

1. d4 c5 2. c3 e6 3. Nf3 d5 4. Bf4 Bd6 5. Bg3 Nf6 6. e3 O-O 7. Nbd2 b6 8. Ne5 Qc7 9. f4 Ba6 10. Bxa6 Nxa6 11. O-O Rac8 12. Bh4 Be7 13. f5 Nb8 14. Bxf6 Bxf6 15. Ng4 Nd7 16. Nxf6+ Nxf6 17. fxe6 fxe6 18. Qb3 Ng4 1/2-1/2

[Event "WSTCC-65 2020"]
[Site "Prague"]
[Date "2020.03.06"]
[Round "1.13"]
[White "Stebbings, Anthony J"]
[Black "Mojzis, Jaroslav"]
[Result "1/2-1/2"]
[ECO "A17"]
[WhiteElo "2313"]
[BlackElo "2074"]
[Annotator "ChessBase"]
[PlyCount "83"]
[EventDate "2020.03.06"]
[EventType "team-tourn"]
[EventCountry "CZE"]
[SourceTitle "playchess.com"]
[Source "ChessBase"]
[SourceQuality "1"]
[TimeControl "40/5400+30:1800+30"]

1. c4 Nf6 2. Nc3 e6 3. Nf3 Bb4 4. Qc2 d6 5. a3 Bxc3 6. Qxc3 e5 7. d3 O-O 8. e3 Re8 9. b4 Bg4 10. Be2 Nbd7 11. Bb2 Nf8 12. O-O Ne6 13. Rfe1 e4 14. Nd2 Bxe2 15. Rxe2 exd3 16. Qxd3 Qe7 17. Ree1 Rad8 18. e4 c6 19. Qe3 a6 20. Rad1 h6 21. Nf1 Ng4 22. Qg3 Nf6 23. f3 Nh5 24. Qg4 Qg5 25. Ne3 Qxg4 26. fxg4 Nhf4 27. Nf5 Ng5 28. Nxd6 Re6 29. e5 Rd7 30. h4 Nh7 31. Nf5 Nf8 32. Rxd7 Nxd7 33. Re3 Nb6 34. Re4 Nd3 35. Ba1 Nd7 36. Nd6 b5 37. cxb5 cxb5 38. Nb7 N3xe5 39. Bxe5 Rxe5 40. Nc5 Rxe4 41. Nxe4 Kf8 42. Kf2 1/2-1/2

[Event "WSTCC-65 2020"]
[Site "Prague"]
[Date "2020.03.06"]
[Round "1.14"]
[White "Navratil, Frantisek"]
[Black "Page, Mark E"]
[Result "1/2-1/2"]
[ECO "B92"]
[WhiteElo "2124"]
[BlackElo "2135"]
[Annotator "NA"]
[PlyCount "44"]
[EventDate "2020.03.06"]
[EventType "team-tourn"]
[EventCountry "CZE"]
[SourceTitle "playchess.com"]
[Source "ChessBase"]
[SourceQuality "1"]
[TimeControl "40/5400+30:1800+30"]

1. e4 c5 2. Nf3 d6 3. d4 cxd4 4. Nxd4 Nf6 5. Nc3 a6 6. Be2 e5 7. Nb3 Be7 8. Be3 Be6 9. O-O Nbd7 10. f3 b5 11. Qe1 O-O 12. Qf2 b4 13. Na4 Qc7 14. Bd3 Rfb8 15. Nd2 d5 16. exd5 Nxd5 17. Kh1 Nxe3 18. Qxe3 f5 19. Rae1 Bf6 20. b3 Re8 21. Bc4 g6 22. Rd1 Kg7 1/2-1/2

[Event "WSTCC-65 2020"]
[Site "Prague"]
[Date "2020.03.06"]
[Round "1.15"]
[White "Bowmer, Kevin"]
[Black "Trojan, Lubos"]
[Result "1/2-1/2"]
[ECO "C05"]
[WhiteElo "2116"]
[BlackElo "1928"]
[Annotator "ChessBase"]
[PlyCount "82"]
[EventDate "2020.03.06"]
[EventType "team-tourn"]
[EventCountry "CZE"]
[SourceTitle "playchess.com"]
[Source "ChessBase"]
[SourceQuality "1"]
[TimeControl "40/5400+30:1800+30"]

1. e4 e6 2. d4 d5 3. Nd2 Nf6 4. e5 Nfd7 5. c3 c5 6. Bd3 Nc6 7. Ne2 Qb6 8. Nf3 cxd4 9. cxd4 Bb4+ 10. Bd2 Bxd2+ 11. Qxd2 Qb4 12. Rc1 Qxd2+ 13. Kxd2 O-O 14. Bb5 Ndb8 15. Nc3 Bd7 16. Bd3 Ne7 17. Nb5 Bxb5 18. Bxb5 Nbc6 19. Rc5 Rac8 20. Rhc1 a6 21. Bd3 Rfd8 22. Ke3 h6 23. h4 Kf8 24. Nd2 Ke8 25. f4 Kd7 26. g4 h5 27. gxh5 Rh8 28. Nf3 Rxh5 29. a3 g6 30. b4 Rhh8 31. Rh1 b6 32. Rcc1 Nb8 33. Rxc8 Rxc8 34. Ng5 Rc3 35. Nxf7 Nf5+ 36. Kd2 Rxa3 37. Nh8 Nc6 38. Nxg6 Ra2+ 39. Kc3 Ra3+ 40. Kd2 Ra2+ 41. Kc3 Ra3+ 1/2-1/2

[Event "WSTCC-65 2020"]
[Site "Prague"]
[Date "2020.03.06"]
[Round "1.16"]
[White "Just, Pavel"]
[Black "Stokes, Michael"]
[Result "1/2-1/2"]
[ECO "C68"]
[WhiteElo "1954"]
[BlackElo "2100"]
[Annotator "ChessBase"]
[PlyCount "53"]
[EventDate "2020.03.06"]
[EventType "team-tourn"]
[EventCountry "CZE"]
[SourceTitle "playchess.com"]
[Source "ChessBase"]
[SourceQuality "1"]
[TimeControl "40/5400+30:1800+30"]

1. e4 e5 2. Nf3 Nc6 3. Bb5 a6 4. Bxc6 dxc6 5. O-O f6 6. d4 Bg4 7. c3 Bd6 8. h3 Bxf3 9. Qxf3 Ne7 10. dxe5 Bxe5 11. Qd1 Qxd1 12. Rxd1 Ng6 13. g3 Ke7 14. f4 Bd6 15. Be3 h5 16. h4 Kf7 17. Nd2 Rae8 18. Re1 Nf8 19. Bf2 Nd7 20. Nf3 Bc5 21. Bd4 Re7 22. Re2 Rhe8 23. Rae1 Bxd4+ 24. cxd4 c5 25. d5 Nb6 26. Kf2 g6 27. b3 1/2-1/2

[Event "WSTCC-65 2020"]
[Site "Prague"]
[Date "2020.03.06"]
[Round "1.18"]
[White "Maryasin, Boris"]
[Black "Wagner-Michel, Annett"]
[Result "1-0"]
[ECO "B30"]
[WhiteElo "2305"]
[BlackElo "2025"]
[Annotator "ChessBase"]
[PlyCount "61"]
[EventDate "2020.03.06"]
[EventType "team-tourn"]
[EventCountry "CZE"]
[SourceTitle "playchess.com"]
[Source "ChessBase"]
[SourceQuality "1"]
[TimeControl "40/5400+30:1800+30"]

1. e4 c5 2. Nf3 Nc6 3. Bb5 Nf6 4. Qe2 g6 5. Nc3 Nd4 6. Nxd4 cxd4 7. e5 dxc3 8. exf6 e6 9. dxc3 a6 10. Ba4 Qxf6 11. Be3 Qe7 12. Bd4 f6 13. O-O Bh6 14. Bc5 Qf7 15. Rfe1 Bf8 16. Qxe6+ Qxe6 17. Rxe6+ Kf7 18. Rxf6+ Kxf6 19. Bd4+ Kf5 20. Bxh8 b5 21. Bb3 Bb7 22. Re1 Bd6 23. Bg7 Bc6 24. h3 g5 25. Bf7 a5 26. Rd1 Bc5 27. Bd4 Rf8 28. g4+ Kf4 29. Bxc5 Rxf7 30. Bd6+ Ke4 31. Kg2 1-0

[Event "WSTCC-65 2020"]
[Site "Prague"]
[Date "2020.03.06"]
[Round "1.19"]
[White "Kierzek, Mira"]
[Black "Shevelev, Arkady"]
[Result "0-1"]
[ECO "A46"]
[WhiteElo "1983"]
[BlackElo "2278"]
[Annotator "ChessBase"]
[PlyCount "170"]
[EventDate "2020.03.06"]
[EventType "team-tourn"]
[EventCountry "CZE"]
[SourceTitle "playchess.com"]
[Source "ChessBase"]
[SourceQuality "1"]
[TimeControl "40/5400+30:1800+30"]

1. d4 Nf6 2. Nf3 d5 3. c4 c5 4. cxd5 cxd4 5. Qxd4 Qxd5 6. Nc3 Qxd4 7. Nxd4 a6 8. g3 e5 9. Nc2 Bf5 10. Ne3 Be6 11. Bg2 Nc6 12. O-O O-O-O 13. Nc2 Be7 14. h3 Nd4 15. Nxd4 exd4 16. Nb1 Nd5 17. a3 Kb8 18. Rd1 Nb6 19. Bf4+ Bd6 20. Bxd6+ Rxd6 21. Nd2 f5 22. Rac1 Rhd8 23. Re1 Na4 24. Nc4 R6d7 25. Ne5 Rd6 26. Nc4 Bxc4 27. Rxc4 b5 28. Rc2 Rc8 29. Rd2 Nc5 30. Red1 Nb3 31. Rd3 Rc1 32. Bf3 Rxd1+ 33. Rxd1 a5 34. Bg2 Kc7 35. Bf1 a4 36. Kg2 Rc6 37. e3 dxe3 38. fxe3 Rc2+ 39. Kg1 Rxb2 40. Bxb5 Nc5 41. Bc4 Rc2 42. Bg8 Rc3 43. Rd5 Ne4 44. Rxf5 Nf6 45. Bf7 Rxe3 46. Kg2 Rxa3 47. g4 Rc3 48. Ra5 a3 49. Be6 Kb6 50. Ra8 h6 51. Bf7 Re3 52. Ra4 Re7 53. Bb3 Ra7 54. Rxa7 Kxa7 55. Kf3 Kb6 56. Kf4 Kc5 57. Kf5 Kb4 58. Ba2 Kc3 59. Kg6 Kb2 60. Bc4 Nd7 61. Kxg7 Nc5 62. Kxh6 Nb3 63. Bxb3 Kxb3 64. g5 a2 65. g6 a1=Q 66. g7 Qf6+ 67. Kh7 Qf7 68. h4 Qh5+ 69. Kg8 Qxh4 70. Kf7 Qh7 71. Kf8 Qf5+ 72. Ke7 Qg6 73. Kf8 Qf6+ 74. Kg8 Kc4 75. Kh7 Qf7 76. Kh8 Qh5+ 77. Kg8 Kd5 78. Kf8 Qf5+ 79. Ke8 Qg6+ 80. Kf8 Qf6+ 81. Kg8 Ke6 82. Kh7 Qf7 83. Kh8 Qh5+ 84. Kg8 Kf6 85. Kf8 Qf7# 0-1

[Event "WSTCC-65 2020"]
[Site "Prague"]
[Date "2020.03.06"]
[Round "1.20"]
[White "Lederman, Leon"]
[Black "Kube, Hannelore"]
[Result "1-0"]
[ECO "C42"]
[WhiteElo "2234"]
[BlackElo "1919"]
[Annotator "ChessBase"]
[PlyCount "59"]
[EventDate "2020.03.06"]
[EventType "team-tourn"]
[EventCountry "CZE"]
[SourceTitle "playchess.com"]
[Source "ChessBase"]
[SourceQuality "1"]
[TimeControl "40/5400+30:1800+30"]

1. e4 e5 2. Nf3 Nf6 3. Nxe5 d6 4. Nf3 Nxe4 5. Nc3 Nf6 6. d4 Be7 7. Bg5 h6 8. Bf4 Bf5 9. Bd3 Qd7 10. h3 Nc6 11. g4 Bxd3 12. Qxd3 Nb4 13. Qe2 O-O-O 14. O-O-O Nfd5 15. Nxd5 Nxd5 16. Bd2 Rde8 17. Qd3 Qc6 18. h4 Nf6 19. g5 Ng4 20. Rhf1 Qd7 21. Bf4 hxg5 22. hxg5 Rh3 23. Bg3 Reh8 24. Rde1 R3h5 25. Qd2 Qf5 26. Rxe7 Qxf3 27. Qa5 b6 28. Qxa7 Qc6 29. Bxd6 cxd6 30. d5 1-0

[Event "WSTCC-65 2020"]
[Site "Prague"]
[Date "2020.03.06"]
[Round "1.21"]
[White "Giffard, Nicolas"]
[Black "James, David J"]
[Result "1-0"]
[ECO "E12"]
[WhiteElo "2236"]
[BlackElo "2122"]
[Annotator "ChessBase"]
[PlyCount "89"]
[EventDate "2020.03.06"]
[EventType "team-tourn"]
[EventCountry "CZE"]
[SourceTitle "playchess.com"]
[Source "ChessBase"]
[SourceQuality "1"]
[TimeControl "40/5400+30:1800+30"]

1. d4 Nf6 2. c4 e6 3. Nf3 b6 4. a3 Ba6 5. Qa4 Be7 6. Nc3 Bb7 7. Qc2 d5 8. cxd5 exd5 9. Bf4 a6 10. e3 O-O 11. Bd3 c5 12. O-O Nbd7 13. Rad1 c4 14. Bf5 g6 15. Bh3 Re8 16. Ne5 Nf8 17. g4 Ne6 18. Bg3 Ng5 19. Bg2 b5 20. f3 Qb6 21. h4 Ne6 22. f4 Ng7 23. Bf3 a5 24. Qg2 Rad8 25. g5 Ne4 26. Nxe4 dxe4 27. Bxe4 Bxe4 28. Qxe4 f6 29. gxf6 Bxf6 30. Bf2 Qc7 31. Kg2 Qe7 32. Rh1 b4 33. axb4 axb4 34. Qc6 Rc8 35. Qd5+ Qe6 36. Qxe6+ Rxe6 37. Rc1 Bxe5 38. fxe5 Ra6 39. Ra1 Rxa1 40. Rxa1 c3 41. bxc3 bxc3 42. Rc1 c2 43. Kf3 Nf5 44. Ke2 Kf7 45. Kd3 1-0

[Event "WSTCC-65 2020"]
[Site "Prague"]
[Date "2020.03.06"]
[Round "1.22"]
[White "Powell, Lloyd"]
[Black "Boudre, Jean-Pierre"]
[Result "1/2-1/2"]
[ECO "A40"]
[WhiteElo "2057"]
[BlackElo "2263"]
[Annotator "ChessBase"]
[PlyCount "83"]
[EventDate "2020.03.06"]
[EventType "team-tourn"]
[EventCountry "CZE"]
[SourceTitle "playchess.com"]
[Source "ChessBase"]
[SourceQuality "1"]
[TimeControl "40/5400+30:1800+30"]

1. d4 Nf6 2. c4 e6 3. g3 Bb4+ 4. Bd2 a5 5. Bg2 d6 6. Nf3 Nbd7 7. O-O e5 8. Nc3 O-O 9. Qc2 Re8 10. Rad1 c6 11. dxe5 dxe5 12. Be3 Bxc3 13. Qxc3 Qe7 14. Nd2 h6 15. h3 Qb4 16. Qc2 a4 17. Nb1 Nb6 18. Qd2 Qxd2 19. Nxd2 Ra6 20. Rc1 Be6 21. b3 axb3 22. axb3 Nbd7 23. b4 Ra4 24. Rb1 e4 25. Rfc1 Bf5 26. b5 c5 27. g4 Bg6 28. b6 Re6 29. Rb5 Rxb6 30. Rxb6 Nxb6 31. Bxc5 Nbd7 32. Be3 b6 33. Rb1 Ra6 34. Rb2 Kf8 35. f4 exf3 36. Bxf3 Ke7 37. Kf2 Kd6 38. Rb5 Kc7 39. Bf4+ Kc8 40. Be3 Kc7 41. Bf4+ Kc8 42. Be3 1/2-1/2

[Event "WSTCC-65 2020"]
[Site "Prague"]
[Date "2020.03.06"]
[Round "1.23"]
[White "Letzelter, Jean-Claude"]
[Black "Miles, Richard"]
[Result "1/2-1/2"]
[ECO "B31"]
[WhiteElo "2128"]
[BlackElo "1981"]
[Annotator "ChessBase"]
[PlyCount "80"]
[EventDate "2020.03.06"]
[EventType "team-tourn"]
[EventCountry "CZE"]
[SourceTitle "playchess.com"]
[Source "ChessBase"]
[SourceQuality "1"]
[TimeControl "40/5400+30:1800+30"]

1. e4 c5 2. Nf3 Nc6 3. Bb5 g6 4. O-O Bg7 5. Re1 Nf6 6. Nc3 O-O 7. e5 Ne8 8. d3 Nc7 9. Bc4 Na5 10. Bd5 Nxd5 11. Nxd5 h6 12. Bd2 Nc6 13. Bc3 d6 14. exd6 Qxd6 15. Bxg7 Kxg7 16. Nc3 b6 17. Nb5 Qd7 18. a4 Bb7 19. Qe2 Qf5 20. c3 Rad8 21. Ne5 Nxe5 22. Qxe5+ Qxe5 23. Rxe5 e6 24. Nxa7 Rxd3 25. a5 Kf6 26. Rae1 Rd2 27. b4 cxb4 28. cxb4 bxa5 29. Rxa5 Rb2 30. Rb5 Bd5 31. Ra1 Rd8 32. h4 Ba2 33. Nc6 Rdd2 34. Ne5 h5 35. Kh1 Bd5 36. Nd7+ Kg7 37. Ne5 Kf6 38. Nd7+ Kg7 39. Ne5 Kf6 40. Nd7+ Kg7 1/2-1/2

[Event "WSTCC-65 2020"]
[Site "Prague"]
[Date "2020.03.06"]
[Round "1.24"]
[White "Taylor, Robert Graham"]
[Black "Canonne, Antoine"]
[Result "0-1"]
[ECO "A04"]
[WhiteElo "1840"]
[BlackElo "1917"]
[Annotator "ChessBase"]
[PlyCount "44"]
[EventDate "2020.03.06"]
[EventType "team-tourn"]
[EventCountry "CZE"]
[SourceTitle "playchess.com"]
[Source "ChessBase"]
[SourceQuality "1"]
[TimeControl "40/5400+30:1800+30"]

1. Nf3 c5 2. g3 Nc6 3. Bg2 g6 4. O-O Bg7 5. d3 Nf6 6. Nbd2 O-O 7. c3 d5 8. Qc2 h6 9. a3 Be6 10. Re1 Qd7 11. e4 dxe4 12. dxe4 Rad8 13. Nf1 Na5 14. N3d2 Qb5 15. b4 cxb4 16. axb4 Nc6 17. Ne3 a6 18. Rb1 Qh5 19. f4 Ng4 20. Ndf1 Nxe3 21. Bxe3 Rd7 22. Bf3 Qxf3 0-1

[Event "WSTCC-65 2020"]
[Site "Prague"]
[Date "2020.03.06"]
[Round "1.25"]
[White "Nordstrom, Felix"]
[Black "Pribyl, Josef"]
[Result "1/2-1/2"]
[ECO "D82"]
[WhiteElo "2091"]
[BlackElo "2225"]
[Annotator "ChessBase"]
[PlyCount "111"]
[EventDate "2020.03.06"]
[EventType "team-tourn"]
[EventCountry "CZE"]
[SourceTitle "playchess.com"]
[Source "ChessBase"]
[SourceQuality "1"]
[TimeControl "40/5400+30:1800+30"]

1. d4 Nf6 2. c4 g6 3. Nc3 d5 4. Bf4 Bg7 5. e3 c6 6. Nf3 O-O 7. Qb3 Qb6 8. c5 Qd8 9. Rc1 Nh5 10. Be2 Nxf4 11. exf4 b6 12. Na4 bxc5 13. Nxc5 Qd6 14. Qe3 Nd7 15. O-O Rb8 16. Nxd7 Bxd7 17. b3 f6 18. g3 Rfe8 19. Rfe1 Qa3 20. Rc2 a5 21. Qc1 Qb4 22. Rd1 a4 23. bxa4 Qxa4 24. Rb2 Bf8 25. Rdd2 e6 26. Rxb8 Rxb8 27. Bd1 Qb4 28. Bb3 Qa5 29. Rc2 Bb4 30. h4 Rc8 31. Kg2 Kg7 32. Qe3 c5 33. dxc5 Rxc5 34. Nd4 Rxc2 35. Nxc2 Bc5 36. Qe2 Qc3 37. Ne1 Bd6 38. Qe3 Qc7 39. Kg1 Bc5 40. Qe2 Qb6 41. Kg2 Bb5 42. Qc2 Bc6 43. Nd3 Bd4 44. a3 Bb7 45. Nb4 Bc5 46. Ba4 Kf7 47. h5 Bxb4 48. axb4 Qxb4 49. hxg6+ hxg6 50. Qc7+ Qe7 51. Qxe7+ Kxe7 52. Bc2 d4+ 53. Kf1 f5 54. Ke2 Be4 55. Ba4 Kd6 56. Be8 1/2-1/2

[Event "WSTCC-65 2020"]
[Site "Prague"]
[Date "2020.03.06"]
[Round "1.26"]
[White "Jurek, Josef"]
[Black "Carlsson, Ingvar"]
[Result "1/2-1/2"]
[ECO "A05"]
[WhiteElo "2254"]
[BlackElo "2038"]
[Annotator "ChessBase"]
[PlyCount "92"]
[EventDate "2020.03.06"]
[EventType "team-tourn"]
[EventCountry "CZE"]
[SourceTitle "playchess.com"]
[Source "ChessBase"]
[SourceQuality "1"]
[TimeControl "40/5400+30:1800+30"]

1. Nf3 Nf6 2. c4 g6 3. d4 d5 4. cxd5 Bg7 5. g3 Nxd5 6. Bg2 Nb6 7. Nc3 Nc6 8. e3 O-O 9. O-O Re8 10. Re1 e5 11. d5 Ne7 12. e4 Nc4 13. b3 Nd6 14. Ba3 Bd7 15. Rc1 Nec8 16. Nd2 Bh6 17. Rc2 a5 18. Bc1 b5 19. f4 f6 20. fxe5 fxe5 21. Nf3 Bxc1 22. Qxc1 a4 23. Nd1 axb3 24. axb3 Ra7 25. Nf2 Nf7 26. Nd3 Ncd6 27. Nb4 Qb8 28. Nc6 Bxc6 29. Rxc6 b4 30. Bh3 Kg7 31. Be6 Nd8 32. Nxe5 Nxc6 33. Nxc6 Qb6+ 34. Kh1 Ra2 35. Qf4 Rf8 36. Qe5+ Kh6 37. Nd4 Rff2 38. h4 Rh2+ 39. Kg1 Rhg2+ 40. Kh1 Rh2+ 41. Kg1 Rag2+ 42. Kf1 Rf2+ 43. Kg1 Rfg2+ 44. Kf1 Qa6+ 45. Ne2 Rf2+ 46. Kg1 Rfg2+ 1/2-1/2

[Event "WSTCC-65 2020"]
[Site "Prague"]
[Date "2020.03.06"]
[Round "1.27"]
[White "Carlsten, Peter"]
[Black "Michenka, Jozef"]
[Result "1/2-1/2"]
[ECO "B85"]
[WhiteElo "1922"]
[BlackElo "2291"]
[Annotator "ChessBase"]
[PlyCount "94"]
[EventDate "2020.03.06"]
[EventType "team-tourn"]
[EventCountry "CZE"]
[SourceTitle "playchess.com"]
[Source "ChessBase"]
[SourceQuality "1"]
[TimeControl "40/5400+30:1800+30"]

1. e4 c5 2. Nf3 e6 3. d4 cxd4 4. Nxd4 Nc6 5. Nc3 a6 6. Be2 Qc7 7. O-O Nf6 8. Be3 Be7 9. f4 d6 10. Qe1 O-O 11. Qg3 Kh8 12. Rad1 Bd7 13. Kh1 Rad8 14. a3 b5 15. Qf2 Qb8 16. Rfe1 b4 17. axb4 Nxb4 18. Bf3 Rc8 19. Bc1 Rfd8 20. Nb3 Nxc2 21. Qxc2 Ba4 22. Qe2 Bxb3 23. Rd4 Qb6 24. Be3 Qa5 25. Qf1 e5 26. Rd2 Bc4 27. Qf2 Rb8 28. h3 Rb3 29. g4 Rdb8 30. g5 Ng8 31. Bd1 R3b7 32. f5 f6 33. h4 Qd8 34. Qg2 Bf8 35. Bf3 Rb3 36. Bd1 R3b4 37. Bf3 R8b7 38. Rf2 Qb8 39. Bc1 Rb3 40. Rd2 a5 41. Rg1 Qe8 42. Bd1 R3b4 43. Bf3 a4 44. Kh2 Rb3 45. Bd1 R3b4 46. Bf3 Rb3 47. Bd1 R3b4 1/2-1/2

[Event "WSTCC-65 2020"]
[Site "Prague"]
[Date "2020.03.06"]
[Round "1.31"]
[White "Dory, Jeno"]
[Black "Chubar, Vladimir"]
[Result "1/2-1/2"]
[ECO "C10"]
[WhiteElo "2170"]
[BlackElo "1991"]
[Annotator "ChessBase"]
[PlyCount "60"]
[EventDate "2020.03.06"]
[EventType "team-tourn"]
[EventCountry "CZE"]
[SourceTitle "playchess.com"]
[Source "ChessBase"]
[SourceQuality "1"]
[TimeControl "40/5400+30:1800+30"]

1. e4 e6 2. d4 d5 3. Nd2 dxe4 4. Nxe4 Bd7 5. Nf3 Bc6 6. Bd3 Nd7 7. O-O Be7 8. Qe2 Ngf6 9. c3 Nxe4 10. Bxe4 Bxe4 11. Qxe4 c6 12. Re1 O-O 13. h3 Qb6 14. Qe2 Bf6 15. Be3 Qa5 16. Nd2 Rfe8 17. Nc4 Qa6 18. Nd6 Qxe2 19. Rxe2 Reb8 20. Bf4 a5 21. Ne4 Rd8 22. Nxf6+ Nxf6 23. Bg5 Rd5 24. Bxf6 gxf6 25. Kf1 Rad8 26. Ke1 b5 27. Rd1 c5 28. Red2 cxd4 29. Rxd4 Rxd4 30. cxd4 Rd5 1/2-1/2

[Event "WSTCC-65 2020"]
[Site "Prague"]
[Date "2020.03.06"]
[Round "1.32"]
[White "Karnaukh, Anatolij"]
[Black "Boguszlavszkij, Jevgenyij"]
[Result "1-0"]
[ECO "D45"]
[WhiteElo "2087"]
[BlackElo "2155"]
[Annotator "ChessBase"]
[PlyCount "101"]
[EventDate "2020.03.06"]
[EventType "team-tourn"]
[EventCountry "CZE"]
[SourceTitle "playchess.com"]
[Source "ChessBase"]
[SourceQuality "1"]
[TimeControl "40/5400+30:1800+30"]

1. d4 Nf6 2. Nf3 d5 3. c4 e6 4. Nc3 c6 5. e3 Bd6 6. Qc2 O-O 7. Bd2 Nbd7 8. cxd5 exd5 9. Bd3 Re8 10. O-O Qe7 11. Rae1 Ne4 12. h3 Ndf6 13. Nh2 Bd7 14. f4 Ng3 15. Rf3 Nfe4 16. Nxe4 Nxe4 17. Rd1 Rac8 18. Qb1 h5 19. Nf1 c5 20. dxc5 Bxc5 21. Be1 Bc6 22. b4 Bb6 23. b5 Bd7 24. Qb3 Nf6 25. Bh4 Rc5 26. Qb2 Ba5 27. Bxf6 Qxf6 28. Qxf6 gxf6 29. a4 Bb6 30. Ng3 Kf8 31. Nxh5 Rxe3 32. Rxe3 Rc1 33. Rxc1 Bxe3+ 34. Kf1 Bxc1 35. Nxf6 Bc8 36. f5 d4 37. g4 Ke7 38. Ne4 f6 39. Bc4 a6 40. Ke2 axb5 41. axb5 b6 42. Bd5 Bf4 43. Kd3 Bd7 44. Bc6 Bxc6 45. bxc6 Be5 46. h4 b5 47. g5 fxg5 48. hxg5 Kd8 49. f6 Ke8 50. g6 b4 51. Kc4 1-0

[Event "WSTCC-65 2020"]
[Site "Prague"]
[Date "2020.03.06"]
[Round "1.34"]
[White "Heim, Sverre"]
[Black "Pacl, Vaclav"]
[Result "1/2-1/2"]
[ECO "B01"]
[WhiteElo "2316"]
[BlackElo "2006"]
[Annotator "ChessBase"]
[PlyCount "25"]
[EventDate "2020.03.06"]
[EventType "team-tourn"]
[EventCountry "CZE"]
[SourceTitle "playchess.com"]
[Source "ChessBase"]
[SourceQuality "1"]
[TimeControl "40/5400+30:1800+30"]

1. e4 d5 2. exd5 Qxd5 3. Nc3 Qd8 4. d4 Nf6 5. Bc4 a6 6. Nf3 b5 7. Bb3 c5 8. dxc5 Qxd1+ 9. Kxd1 e6 10. Be3 Bb7 11. Ke2 Nbd7 12. Rhd1 Bxc5 13. h3 1/2-1/2

[Event "WSTCC-65 2020"]
[Site "Prague"]
[Date "2020.03.06"]
[Round "1.35"]
[White "Vavruska, Antonin"]
[Black "Moen, Ole Christian"]
[Result "1/2-1/2"]
[ECO "C55"]
[WhiteElo "1971"]
[BlackElo "2192"]
[Annotator "ChessBase"]
[PlyCount "25"]
[EventDate "2020.03.06"]
[EventType "team-tourn"]
[EventCountry "CZE"]
[SourceTitle "playchess.com"]
[Source "ChessBase"]
[SourceQuality "1"]
[TimeControl "40/5400+30:1800+30"]

1. e4 e5 2. d4 exd4 3. Bc4 Nf6 4. Nf3 Nc6 5. Ng5 Ne5 6. Bb3 d5 7. exd5 h6 8. Qxd4 Bd6 9. Nf3 Nxf3+ 10. gxf3 O-O 11. Be3 Re8 12. Nc3 Be5 13. Qd2 1/2-1/2

[Event "WSTCC-65 2020"]
[Site "Prague"]
[Date "2020.03.06"]
[Round "1.36"]
[White "Kristiansen, Erling"]
[Black "Nespor, Ivan"]
[Result "1-0"]
[ECO "E81"]
[WhiteElo "2123"]
[BlackElo "1707"]
[Annotator "ChessBase"]
[PlyCount "75"]
[EventDate "2020.03.06"]
[EventType "team-tourn"]
[EventCountry "CZE"]
[SourceTitle "playchess.com"]
[Source "ChessBase"]
[SourceQuality "1"]
[TimeControl "40/5400+30:1800+30"]

1. e4 d6 2. d4 Nf6 3. f3 g6 4. c4 Bg7 5. Nc3 O-O 6. Be3 Nbd7 7. Qd2 c6 8. Rd1 Qa5 9. Nge2 a6 10. Nc1 b5 11. a3 Rb8 12. Nb3 Qc7 13. cxb5 cxb5 14. Rc1 Qd8 15. Na2 Nb6 16. Na5 Bb7 17. Nb4 Qd7 18. d5 Nc8 19. Be2 e6 20. dxe6 fxe6 21. O-O d5 22. Rfd1 Ne7 23. Nb3 Rfc8 24. Nc5 Qd6 25. e5 Qxe5 26. Bf4 Qh5 27. Bxb8 Rxb8 28. f4 Qh4 29. Qe3 Ne4 30. Nxe4 dxe4 31. g3 Nf5 32. Qa7 Nxg3 33. Qxb8+ Bf8 34. Rd8 Nxe2+ 35. Kf1 e3 36. Rxf8+ Kg7 37. Rc7+ Kh6 38. Rxh7+ 1-0

[Event "WSTCC-65 2020"]
[Site "Prague"]
[Date "2020.03.06"]
[Round "1.37"]
[White "Boidman, Yuri"]
[Black "Jones, Iolo C"]
[Result "1-0"]
[ECO "C47"]
[WhiteElo "2335"]
[BlackElo "2146"]
[Annotator "ChessBase"]
[PlyCount "89"]
[EventDate "2020.03.06"]
[EventType "team-tourn"]
[EventCountry "CZE"]
[SourceTitle "playchess.com"]
[Source "ChessBase"]
[SourceQuality "1"]
[TimeControl "40/5400+30:1800+30"]

1. e4 e5 2. Nf3 Nf6 3. Nc3 Nc6 4. d4 exd4 5. Nxd4 Bb4 6. Nxc6 bxc6 7. Bd3 d5 8. exd5 cxd5 9. Qe2+ Qe7 10. Qxe7+ Kxe7 11. O-O c6 12. Ne2 Re8 13. Nd4 Bd7 14. Bf5 Bc5 15. Bxd7 Kxd7 16. Be3 Ng4 17. Rad1 f6 18. Bc1 g6 19. h3 Ne5 20. b3 Kc7 21. Kh1 Rad8 22. f4 Nd7 23. Bb2 f5 24. Rfe1 Bxd4 25. Bxd4 a6 26. c4 Re4 27. Rxe4 fxe4 28. Bc3 Kd6 29. Kg1 Ke6 30. Kf2 Nc5 31. Rd4 Rd7 32. cxd5+ cxd5 33. Ke3 Rc7 34. Rb4 Rc6 35. Bd4 Nd3 36. Rb7 Nc1 37. g4 Nxa2 38. Rxh7 Nb4 39. Bh8 Nc2+ 40. Kd2 d4 41. f5+ Kd5 42. Rd7+ Kc5 43. Kxc2 gxf5 44. Bxd4+ Kb4+ 45. Kb2 1-0

[Event "WSTCC-65 2020"]
[Site "Prague"]
[Date "2020.03.06"]
[Round "1.38"]
[White "Van Kemenade, Rudy"]
[Black "Khanukov, Boris"]
[Result "0-1"]
[ECO "B30"]
[WhiteElo "1915"]
[BlackElo "2293"]
[Annotator "ChessBase"]
[PlyCount "72"]
[EventDate "2020.03.06"]
[EventType "team-tourn"]
[EventCountry "CZE"]
[SourceTitle "playchess.com"]
[Source "ChessBase"]
[SourceQuality "1"]
[TimeControl "40/5400+30:1800+30"]

1. e4 c5 2. Nf3 Nc6 3. Bb5 e6 4. Bxc6 bxc6 5. d3 d5 6. c4 Nf6 7. e5 Nd7 8. Nc3 Be7 9. h4 h6 10. h5 f6 11. Qe2 fxe5 12. Nxe5 Nxe5 13. Qxe5 Bf6 14. Qg3 Qe7 15. Bf4 e5 16. Bd2 Be6 17. b3 O-O-O 18. Rc1 dxc4 19. bxc4 Qd7 20. Ne4 Bf5 21. Ba5 Bxe4 22. Bxd8 Rxd8 23. O-O Bxd3 24. Rfd1 Qf5 25. Rc3 e4 26. Rb3 Be5 27. Qe3 Bd4 28. Qg3 Be5 29. Qe3 Qxh5 30. Rdxd3 Rxd3 31. Rxd3 exd3 32. Qxd3 Bd4 33. Qe4 Kd7 34. Qb1 Kc7 35. Qe1 Qf7 36. Qa5+ Kb7 0-1